 Dungeon Crawl Stone Soup version 0.31-a0-430-gf8416d752b (webtiles) character file.

Game seed: 3952750183250688521

7024 Bnni the Geomancer (level 11, -2/84 HPs)
             Began as a Formicid Earth Elementalist on July 31, 2023.
             Was a High Priest of Cheibriados.
             Slain by Lodul
             ... wielding a +2 dire flail of holy wrath
              (24 damage)
             ... on level 10 of the Dungeon.
             The game lasted 00:22:00 (10151 turns).

Bnni the Geomancer (Formicid Earth Elementalist)   Turns: 10151, Time: 00:22:00

Health: -2/84      AC: 13    Str: 31    XL:     11   Next: 29%
Magic:  18/21      EV: 10    Int: 29    God:    Cheibriados [*****.]
Gold:   87         SH:  0    Dex: 25    Spells: 2/23 levels left

rFire   . . .        f - +2 dagger (venom)
rCold   + . .        (no shield)
rNeg    . . .        k - +0 chain mail
rPois   .            (helmet unavailable)
rElec   .            c - scarf {+Inv}
rCorr   .            d - +2 pair of gloves {hurl}
SInv    +            (no boots)
Will    +....        (no amulet) Stlth
                     a - +6 ring of strength
HPRegen 0.34/turn    B - ring of protection from cold
MPRegen 0.17/turn

%: no passive effects
@: very slow
A: permanent stasis, dig shafts and tunnels, antennae 3, four strong arms
a: Dig, Shaft Self, Renounce Religion, Evoke Invisibility, Bend Time, Temporal
Distortion, Slouch, Step From Time


You were on level 10 of the Dungeon.
You worshipped Cheibriados.
Cheibriados was extremely pleased with you.
You visited 2 branches of the dungeon, and saw 11 of its levels.

You collected 407 gold pieces.
You spent 320 gold pieces at shops.

Inventory:

Hand Weapons
 f - a +2 dagger of venom (weapon)
 x - the +7 rapier of Accord {elec, Dex+3}
   (You found it on level 3 of the Dungeon)

   Dex:       It affects your dexterity (+3).
Missiles
 l - 13 poisoned darts
 E - a throwing net
Armour
 c - a scarf of invisibility (worn)
 d - a +2 pair of gloves of hurling (worn)
 k - a +0 chain mail (worn)
Jewellery
 a - a +6 ring of strength (left hand)
 r - a ring of fire
 B - a ring of protection from cold (right hand)
 C - a ring of ice
 F - a ring of fire
Wands
 u - a wand of light (4)
 y - a wand of paralysis (12)
 G - a wand of digging (6)
Scrolls
 g - a scroll of fear {unknown}
 h - a scroll of immolation {unknown}
 i - a scroll of torment {unknown}
 j - a scroll of revelation {unknown}
 m - 2 scrolls of enchant armour {unknown}
 o - 5 scrolls of amnesia {unknown}
 p - a scroll of teleportation {unknown}
 q - 2 scrolls of enchant weapon
 s - a scroll of vulnerability
 A - a scroll of fog
 D - a scroll of poison {unknown}
Potions
 e - 2 potions of cancellation
 n - 2 potions of brilliance
 t - a potion of ambrosia {unknown}
 v - a potion of haste {unknown}
 w - 3 potions of lignification
 z - a potion of enlightenment {unknown}


   Skills:
 + Level 7.0 Fighting
 + Level 6.4 Armour
 - Level 1.7 Dodging
 - Level 2.4 Stealth
 + Level 6.7 Spellcasting
 - Level 3.0 Conjurations
 - Level 3.0 Summonings
 + Level 3.6 Necromancy
 - Level 3.0 Transmutations
 * Level 11.5 Earth Magic
 + Level 6.4 Invocations


You had 2 spell levels left.
You knew the following spells:

 Your Spells              Type           Power      Damage    Failure   Level
a - Sandblast             Erth           100%       2d20      1%          1
b - Passwall              Tmut/Erth      42%        N/A       1%          2
c - Stone Arrow           Conj/Erth      100%       3d13      2%          3
d - Petrify               Tmut/Erth      51%        N/A       10%         4
e - Lee's Rapid Deconstr  Erth           33%        3d17*     4%          5
g - Animate Armour        Summ/Erth      100%       N/A       10%         4
s - Sublimation of Blood  Necr           30%        N/A       6%          2

Your spell library contained the following spells:

 Spells                   Type           Power      Damage    Failure   Level
 Kiss of Death            Conj/Necr      100%       2d13      4%          1
 Cigotuvi's Dreadful Rot  Necr/Pois/Air  32%        N/A       17%         2
 Lesser Beckoning         Tloc           18%        N/A       28%         2
 Ignite Poison            Fire/Tmut/Pois 15%        N/A       36%         3
 Dispel Undead            Necr           30%        3d14      38%         4
 Confusing Touch          Hex            9%         N/A       50%         3
 Gell's Gravitas          Tloc           9%         N/A       50%         3
 Teleport Other           Tloc           9%         N/A       50%         3
 Summon Lightning Spire   Summ/Air       18%        N/A       69%         4
 Irradiate                Conj/Tmut      13%        3d16      83%         5
 Freezing Cloud           Conj/Ice/Air   7%         6-21      98%         5


Dungeon Overview and Level Annotations

Branches:
Dungeon (10/15)            Temple (1/1) D:4
   Lair: D:8-11         Orc: D:9-12

Altars:
Ashenzari
Cheibriados
Dithmenos
Elyvilon
Fedhas
Gozag
Hepliaklqana
Kikubaaqudgha
Makhleb
Nemelex Xobeh
Okawaru
Qazlal
Ru
Trog
Uskayaw
Vehumet
Wu Jian
Xom
Yredelemnul
The Shining One

Shops:
D:4 :   D:7 (*[:

Annotations:
D:7 3 runed translucent doors, AdnanSaban's ghost, novice GrFi
D:9 2 transporters, Conn's ghost, novice OpFE
D:10 Lodul


Innate Abilities, Weirdness & Mutations

You cannot be hasted, slowed, berserked, paralysed or teleported.
You can dig through walls and to a lower floor.
You have a pair of large antennae on your head. (SInv)
Your four strong arms can wield two-handed weapons with a shield.


Message History

The flow of time bends around you.
Cheibriados rebukes Lodul.
Lodul seems to slow down. 3 ogres come into view.
Unknown command.
Casting: Petrify (dangerous; 10% risk of failure)
Confirm with . or Enter, or press ? or * to list all spells.
Lodul hits you with a +2 dire flail of holy wrath.
The ogre hits you with a +0 giant club!
The ogre moves out of view.
Unknown command.
Unknown command.
Aiming: Sandblast (safe; 1% risk of failure)
Press: ? - help, Q - select action, (/) - cycle Shift-Dir - straight line, f/p - Lodul
Aim: Lodul, wielding a +2 dire flail of holy wrath (slow, 91% to hit)
The blast of sand hits Lodul!!
Lodul is moderately wounded.
The ogre barely misses you. x2
You hit Lodul.
Lodul is heavily wounded.
The ogre closely misses you.
Your animated chain mail hits the ogre.
Your animated chain mail hits the ogre!!!
The ogre dies!
Cheibriados thoroughly appreciates the change of pace.
Lodul says, "I guard Vaults good!
You no get in!"
Lodul hits you with a +2 dire flail of holy wrath!
* * * LOW HITPOINT WARNING * * *
Unknown command.
Okay, then.
Magic courses through your body. The ogre hits you but does no damage.
Unknown command.
Casting: Sandblast (safe; 1% risk of failure)
Confirm with . or Enter, or press ? or * to list all spells.
Aiming: Stone Arrow (mildly dangerous; 2% risk of failure)
Press: ? - help, Shift-Dir - straight line, f/p - Lodul
Aim: Lodul, wielding a +2 dire flail of holy wrath (purple smoke, heavily wounded, slow, ally target, 87% to hit)
The stone arrow hits Lodul!
Lodul is severely wounded.
The ogre hits your animated chain mail but does no damage.
Lodul hits you with a +2 dire flail of holy wrath!!
You die...

.O .O, . ##{####
..###.{...#
..........# {
.....§§§§.#####
..!..§OO§.....# {
....†§[OO§§...#
..........§§§@§§..>.#
#....P..#######§....#
#..P.. ##....'.....#
#.... #.....#.....#
##...###.....#+#####
###................
...................
....................
#######<########....


You could see Lodul (slow), 3 ogres and a friendly animated chain mail
(summoned).

Vanquished Creatures
  Sigmund (D:3)
  Eustachio (D:6)
  8 yaks
  A steam dragon (D:6)
  Edmund (D:5)
  2 vampire mosquitoes (D:9)
  A water moccasin (D:8)
  Duvessa (D:7)
  3 black bears
  An ice beast (D:5)
  A sky beast (D:6)
  2 ogres (D:5)
  A centaur (D:9)
  3 phantoms
  A kobold brigand (D:8)
  Blork the orc (D:6)
  5 bullfrogs
  3 scorpions
  5 wights (D:7)
  Dowan (D:7)
  4 killer bees (D:8)
  5 howler monkeys
  3 hounds
  2 gnoll boudas
  2 iguanas (D:6)
  3 orc priests
  Natasha (thrice) (D:3)
  5 orc wizards
  19 gnolls
  3 adders (D:4)
  A shadow imp (D:8)
  A white imp (D:6)
  A worm (D:3)
  4 dart slugs
  22 orcs
  7 ball pythons
  2 endoplasms
  3 giant cockroaches
  9 goblins
  4 hobgoblins
  3 jackals (D:5)
  12 kobolds
  3 quokkas
  17 bats
  15 frilled lizards
  A rat (D:2)
197 creatures vanquished.

Vanquished Creatures (collateral kills)
  A troll (D:9)
  8 yaks (D:9)
  A wyvern (D:10)
  A vampire mosquito (D:9)
  A black bear (D:10)
  2 ogres (D:10)
14 creatures vanquished.

Grand Total: 211 creatures vanquished

Notes
Turn   | Place    | Note
-------+----------+-------------------------------------------
     0 | D:1      | Bnni the Formicid Earth Elementalist began the quest for
                  | the Orb.
     0 | D:1      | Reached XP level 1. HP: 13/13 MP: 3/3
   193 | D:1      | Reached XP level 2. HP: 20/20 MP: 3/5
   436 | D:1      | Reached skill level 4 in Earth Magic
   961 | D:2      | Reached XP level 3. HP: 16/25 MP: 2/6
  1014 | D:2      | Reached skill level 1 in Fighting
  1548 | D:3      | Reached XP level 4. HP: 32/32 MP: 0/8
  1776 | D:3      | Noticed Sigmund
  1780 | D:3      | Killed Sigmund
  1781 | D:3      | Reached skill level 5 in Earth Magic
  1781 | D:3      | Reached XP level 5. HP: 16/39 MP: 6/9
  1781 | D:3      | Reached XP level 6. HP: 19/46 MP: 6/10
  2348 | D:3      | Identified the +7 rapier of Accord {elec, Dex+3}
  2435 | D:3      | Noticed Natasha
  2446 | D:3      | Killed Natasha
  2527 | D:3      | Noticed Natasha
  2531 | D:3      | Killed Natasha
  2717 | D:3      | Learned a level 2 spell: Passwall
  2721 | D:3      | Learned a level 3 spell: Stone Arrow
  2799 | D:3      | Reached skill level 6 in Earth Magic
  2819 | D:3      | Noticed Natasha
  2823 | D:3      | Killed Natasha
  2824 | D:3      | Reached skill level 1 in Armour
  2958 | D:4      | Found a staircase to the Ecumenical Temple.
  2968 | Temple   | Entered the Ecumenical Temple
  2983 | Temple   | Became a worshipper of Cheibriados the Contemplative
  3033 | D:4      | Reached XP level 7. HP: 44/51 MP: 7/12
  3169 | D:4      | Reached skill level 1 in Conjurations
  3477 | D:4      | Reached * piety under Cheibriados
  3523 | D:4      | Found Pukke's Book Shoppe.
  3919 | D:4      | Reached ** piety under Cheibriados
  4115 | D:5      | Entered Level 5 of the Dungeon
  4115 | D:5      | Noticed Edmund
  4136 | D:5      | Killed Edmund
  4137 | D:5      | Reached XP level 8. HP: 8/56 MP: 11/14
  4522 | D:5      | Reached skill level 7 in Earth Magic
  4522 | D:5      | Reached skill level 1 in Invocations
  4702 | D:5      | Noticed a yak
  5056 | D:5      | Noticed a yak
  5062 | D:5      | Noticed a yak
  5064 | D:5      | Noticed a yak
  5065 | D:5      | Noticed a yak
  5066 | D:5      | You fall into a shaft and drop 2 floors!
  5117 | D:7      | Noticed Duvessa
  5123 | D:7      | Noticed Dowan
  5131 | D:7      | Killed Duvessa
  5132 | D:7      | Reached skill level 8 in Earth Magic
  5133 | D:7      | Killed Dowan
  5134 | D:7      | Reached skill level 1 in Summonings
  5134 | D:7      | Reached XP level 9. HP: 19/66 MP: 11/15
  5344 | D:7      | Reached *** piety under Cheibriados
  5553 | D:5      | You fall into a shaft and drop 1 floor!
  5751 | D:6      | Noticed Blork the orc
  5756 | D:6      | Killed Blork the orc
  6028 | D:6      | Reached skill level 5 in Spellcasting
  6229 | D:6      | Found an iron altar of Okawaru.
  6229 | D:6      | Found a blossoming altar of Fedhas.
  6235 | D:6      | Found a shadowy altar of Dithmenos.
  6237 | D:6      | Found a bloodstained altar of Trog.
  6239 | D:6      | Found a faded altar of an unknown god.
  6521 | D:6      | Noticed Eustachio
  6531 | D:6      | Killed Eustachio
  6532 | D:6      | Reached skill level 5 in Fighting
  6588 | D:6      | Reached skill level 9 in Earth Magic
  6699 | D:6      | Found a hazy altar of Hepliaklqana.
  7174 | D:5      | Reached XP level 10. HP: 59/74 MP: 10/18
  7390 | D:7      | Found Ennaz's Book Shoppe.
  7564 | D:7      | Found Niol's General Store.
  7566 | D:7      | Found a runed translucent gate.
  7575 | D:7      | Found Ywain Cuo's Antique Armour Shop.
  7687 | D:7      | Found a runed translucent gate.
  7687 | D:7      | Found a runed translucent gate.
  7694 | D:7      | Noticed AdnanSaban's ghost (novice GrFi)
  7702 | D:7      | Found Binim's Antique Weapon Shoppe.
  7822 | D:7      | Reached skill level 1 in Necromancy
  7866 | D:7      | Reached skill level 5 in Armour
  7878 | D:7      | Reached **** piety under Cheibriados
  8217 | D:8      | Reached skill level 10 in Earth Magic
  8229 | D:8      | Reached skill level 5 in Invocations
  8901 | D:4      | Bought a book of Iron for 320 gold pieces
  8906 | D:4      | Learned a level 4 spell: Animate Armour
  8912 | D:4      | Learned a level 5 spell: Lee's Rapid Deconstruction
  8915 | D:4      | Learned a level 2 spell: Sublimation of Blood
  8920 | D:4      | Learned a level 4 spell: Petrify
  9580 | D:9      | Found a burning altar of Makhleb.
  9591 | D:9      | Found a transporter.
  9597 | D:9      | Noticed a centaur warrior
  9599 | D:9      | Found a transporter.
  9600 | D:9      | Noticed a centaur warrior
  9601 | D:9      | Noticed an unseen horror
  9602 | D:9      | Noticed Conn's ghost (novice OpFE)
  9638 | D:9      | Reached XP level 11. HP: 83/83 MP: 9/20
  9639 | D:9      | Reached skill level 11 in Earth Magic
  9640 | D:9      | Reached ***** piety under Cheibriados
 10120 | D:10     | Entered Level 10 of the Dungeon
 10140 | D:10     | Noticed Lodul
 10151 | D:10     | Slain by Lodul

Illustrated notes

Levels and vault maps discovered:
D:1:      dpeg_arrival_pits, layout_loops_cross
D:2:      layout_rooms, roderic_lattice_a, kennysheep_generic_room_8
D:3:      layout_basic, uniq_sigmund, uniq_natasha
D:4:      layout_rooms, minmay_temple_entry_junction, serial_aquarium,
          aquarium_bridge_square [aquarium_subvault_bridge,
          aquarium_subvault_window, aquarium_subvault_wall,
          aquarium_subvault_wall], aquarium_bridge_square
          [aquarium_subvault_wall, aquarium_subvault_bridge,
          aquarium_subvault_bridge, aquarium_subvault_bridge],
          aquarium_window_fake, aquarium_window_double, aquarium_window_fake,
          aquarium_view_2c, aquarium_balcony_double_4, aquarium_pool_double,
          serial_shops, shop_fountains
D:5:      layout_basic, uniq_edmund
D:6:      layout_layer_cave, nicolae_hepliaklqana_hippocampus,
          chequers_temple_overflow_minitemple, uniq_blork_the_orc,
          uniq_eustachio
D:7:      layout_basic, gammafunk_ghost_necromancy, serial_shops,
          nicolae_shop_crystal, nicolae_shop_crystal, shop, shop,
          minmay_misc_feat_tiny, uniq_duvessa
D:8:      layout_basic, minmay_misc_feat_pillars
D:9:      layout_irregular_city, bloody_makhleb, nzn_ghost_randoct
D:10:     layout_irregular_city, amcnicky_altar_gilded, zin_purify,
          david_lair_generic, kennysheep_nub, dk_rats_in_the_wall, uniq_lodul
Temple:   eino_narrow_crystal_temple

Skill      XL: |  1  2  3  4  5  6  7  8  9 10 11 |
---------------+----------------------------------+-----
Earth Magic    | 4 5 6 8 9 10 11 | 11.5
Fighting       | 1 2 3 4 5 6 7 |  7.0
Transmutations | 2 3 |  3.0
Spellcasting   | 3 4 5 6 |  6.7
Armour         | 1 2 3 4 5 6 |  6.4
Conjurations   | 2 3 |  3.0
Invocations    | 2 4 5 6 |  6.4
Summonings     | 1 3 |  3.0
Necromancy     | 2 3 |  3.6
Dodging        | |  1.7
Stealth        | |  2.4

Action                     |  1- 3 |  4- 6 |  7- 9 | 10-12 || total
---------------------------+-------+-------+-------+-------++-------
  Melee: Whip              |     1 |     5 |       |       ||     6
         Rapier            |       |    20 |    85 |       ||   105
         Halberd           |       |     3 |    10 |       ||    13
         Punch             |       |       |     3 |       ||     3
         Dagger            |       |       |    10 |     5 ||    15
   Cast: Sandblast         |    47 |    30 |   114 |   105 ||   296
         Animate Armour    |       |       |       |     5 ||     5
         Stone Arrow       |       |       |       |     1 ||     1
         Petrify           |       |       |       |     1 ||     1
 Invoke: Bend Time         |       |       |     2 |     1 ||     3
         Slouch            |       |       |       |     1 ||     1
Ability: Dig               |       |       |     8 |       ||     8
         Shaft Self        |       |       |     2 |       ||     2
  Evoke: Wand              |       |     1 |     2 |       ||     3
    Use: Scroll            |       |       |     5 |     5 ||    10
         Potion            |       |       |     2 |     1 ||     3
   Stab: Invisible         |       |       |     2 |       ||     2
         Sleeping          |       |       |     1 |       ||     1
 Armour: Robe              |     5 |     8 |    12 |       ||    25
         Ring mail         |       |       |    51 |       ||    51
         Chain mail        |       |       |    33 |    62 ||    95
  Dodge: Dodged            |    12 |    25 |   112 |    50 ||   199

Table legend: (Time is in decaauts)
 A = Elapsed time spent in this place.
 B = Non-inter-level travel time spent in this place.
 C = Inter-level travel time spent in this place.
 D = Time resting spent in this place.
 E = Time spent auto-exploring this place.
 F = Levels seen in this place.
 G = Mean time per level.
                   A        B        C        D        E       F      G
               +--------+--------+--------+--------+--------+-----+--------+
         Total |  13240 |  12569 |    671 |   1075 |   9675 |  11 | 1203.6 |
       Dungeon |  13205 |  12552 |    653 |   1075 |   9675 |  10 | 1320.5 |
        Temple |     34 |     17 |     17 |      0 |      0 |   1 |   34.0 |
               +--------+--------+--------+--------+--------+-----+--------+

Top non-repeatable levels by time:
     D:6: 2350 daAuts
     D:5: 1996 daAuts
     D:4: 1573 daAuts
     D:7: 1568 daAuts
     D:8: 1399 daAuts
     D:3: 1386 daAuts
     D:9: 1350 daAuts
     D:1: 767 daAuts
     D:2: 766 daAuts
    D:10: 46 daAuts
  Temple: 34 daAuts
